| TOP OF THE 1ST |
|
West Virginia Power batting - Pitching for Greensboro Grasshoppers : LHP Byron Copeland
|
|
Pitching: LHP Byron Copeland
|
|
|
Batting: RHB John Savard
|
0-0: SINGLE (Groundball, 25, EV 73.1 MPH) (infield hit)
|
|
Batting: LHB Norm Silveira-Wray
|
0-0: SINGLE (Groundball, 6MD, EV 106.2 MPH) John Savard to second Runner from 2nd tries for 3rd, SAFE, throw by CF made to third
|
|
Batting: RHB Hidesuke Yoshida
|
0-0: Called Strike 0-1: Ball 1-1: Grounds into double play, 6-4-3 (Groundball, 6, EV 102.5 MPH) John Savard scores
|
|
Batting: RHB Gary Ming
|
0-0: Ball 1-0: Swinging Strike 1-1: Ball 2-1: Swinging Strike 2-2: Strikes out looking
|
| Top of the 1st over - 1 run, 2 hits, 0 errors, 0 left on base; West Virginia 1 - Greensboro 0 |
| BOTTOM OF THE 1ST |
|
Greensboro Grasshoppers batting - Pitching for West Virginia Power : RHP Pete Griesser
|
|
Pitching: RHP Pete Griesser
|
|
|
Batting: LHB Angelo Estrella
|
0-0: Called Strike 0-1: Ground out 5-3 (Groundball, 56S, EV 85.0 MPH)
|
|
Batting: RHB Nate Crofts
|
0-0: Ball 1-0: Ball 2-0: Called Strike 2-1: SOLO HOME RUN (Flyball, 7D, EV 98.8 MPH), Distance : 369 ft
|
|
Batting: RHB Miguel Velasco
|
0-0: Foul Ball, location: 2F 0-1: Foul Ball, location: 2F 0-2: Foul Ball, location: 2F 0-2: Strikes out swinging
|
|
Batting: LHB Justin Blakely
|
0-0: Called Strike 0-1: Called Strike 0-2: Ball 1-2: Ball 2-2: Foul Ball, location: 2F 2-2: Ball 3-2: Strikes out swinging
|
| Bottom of the 1st over - 1 run, 1 hit, 0 errors, 0 left on base; West Virginia 1 - Greensboro 1 |
| TOP OF THE 2ND |
|
West Virginia Power batting - Pitching for Greensboro Grasshoppers : LHP Byron Copeland
|
|
Batting: RHB Jaime Dubicki
|
0-0: Called Strike 0-1: Fly out, F8 (Line Drive, 8LM, EV 93.8 MPH)
|
|
Batting: RHB Ryan LeSueur
|
0-0: Ball 1-0: Swinging Strike 1-1: Swinging Strike 1-2: Foul Ball, location: 2F 1-2: Fly out, F3 (Popup, 34, EV 74.4 MPH)
|
|
Batting: LHB Dustin Herman
|
0-0: Ground out 1-3 (Groundball, 13S, EV 66.2 MPH)
|
| Top of the 2nd over - 0 runs, 0 hits, 0 errors, 0 left on base; West Virginia 1 - Greensboro 1 |
| BOTTOM OF THE 2ND |
|
Greensboro Grasshoppers batting - Pitching for West Virginia Power : RHP Pete Griesser
|
|
Batting: RHB Alberto Bravo
|
0-0: Foul Ball, location: 2F 0-1: Ball 1-1: Called Strike 1-2: Strikes out swinging
|
|
Batting: LHB Ryan Thompson
|
0-0: Reached on error, E4 (Groundball, 34, EV 103.8 MPH)
|
|
Batting: RHB J.D. Vander Klok
|
0-0: Ball 1-0: Ball 2-0: Fly out, F6 (Line Drive, 6, EV 76.9 MPH)
|
|
Batting: RHB Nick Dunton
|
0-0: Called Strike 0-1: Ground out 6-3 (Groundball, 6M, EV 103.1 MPH)
|
| Bottom of the 2nd over - 0 runs, 0 hits, 1 error, 1 left on base; West Virginia 1 - Greensboro 1 |
| TOP OF THE 3RD |
|
West Virginia Power batting - Pitching for Greensboro Grasshoppers : LHP Byron Copeland
|
|
Batting: RHB Randy Bergman
|
0-0: Fly out, F8 (Flyball, 89D, EV 91.9 MPH)
|
|
Batting: RHB David Zelaya
|
0-0: Ball 1-0: Ball 2-0: Called Strike 2-1: Ground out 6-3 (Groundball, P, EV 85.0 MPH)
|
|
Batting: RHB John Savard
|
0-0: SINGLE (Groundball, 6D, EV 107.5 MPH)
|
|
Batting: LHB Norm Silveira-Wray
|
0-0: Called Strike 0-1: Swinging Strike 0-2: Ball 1-2: Fly out, F9 (Flyball, 9LM, EV 80.6 MPH)
|
| Top of the 3rd over - 0 runs, 1 hit, 0 errors, 1 left on base; West Virginia 1 - Greensboro 1 |
| BOTTOM OF THE 3RD |
|
Greensboro Grasshoppers batting - Pitching for West Virginia Power : RHP Pete Griesser
|
|
Batting: RHB Dennis Coppolino
|
0-0: Ball 1-0: Ball 2-0: Ground out 4-3 (Groundball, 4, EV 105.0 MPH)
|
|
Batting: LHB Angelo Estrella
|
0-0: Swinging Strike 0-1: Ball 1-1: Swinging Strike 1-2: Strikes out swinging
|
|
Batting: RHB Nate Crofts
|
0-0: Foul Ball, location: 2F 0-1: Ball 1-1: Foul Ball, location: 2F 1-2: SINGLE (Line Drive, 34D, EV 110.0 MPH)
|
|
Batting: RHB Miguel Velasco
|
0-0: Called Strike 0-1: Ball Wild Pitch! Nate Crofts to second 1-1: Hit by Pitch
|
|
Batting: LHB Justin Blakely
|
0-0: Ball 1-0: Swinging Strike 1-1: Ball 2-1: Foul Ball, location: 2F 2-2: Foul Ball, location: 2F 2-2: Strikes out looking
|
| Bottom of the 3rd over - 0 runs, 1 hit, 0 errors, 2 left on base; West Virginia 1 - Greensboro 1 |
| TOP OF THE 4TH |
|
West Virginia Power batting - Pitching for Greensboro Grasshoppers : LHP Byron Copeland
|
|
Batting: RHB Hidesuke Yoshida
|
0-0: Ball 1-0: Ball 2-0: Called Strike 2-1: SINGLE (Groundball, 34D, EV 97.5 MPH)
|
|
Batting: RHB Gary Ming
|
0-0: Called Strike Hidesuke Yoshida is caught stealing 2nd base 2-4 0-1: Ball 1-1: Swinging Strike 1-2: Ground out U3 (Groundball, 34S, EV 65.6 MPH)
|
|
Batting: RHB Jaime Dubicki
|
0-0: Called Strike 0-1: Ball 1-1: Ground out 4-3 (Groundball, 4, EV 91.2 MPH)
|
| Top of the 4th over - 0 runs, 1 hit, 0 errors, 0 left on base; West Virginia 1 - Greensboro 1 |
| BOTTOM OF THE 4TH |
|
Greensboro Grasshoppers batting - Pitching for West Virginia Power : RHP Pete Griesser
|
|
Batting: RHB Alberto Bravo
|
0-0: Ground out 6-3 (Groundball, 6, EV 90.0 MPH)
|
|
Batting: LHB Ryan Thompson
|
0-0: Ball 1-0: Swinging Strike 1-1: Ball 2-1: Ball 3-1: SOLO HOME RUN (Flyball, 89XD, EV 109.4 MPH), Distance : 448 ft
|
|
Batting: RHB J.D. Vander Klok
|
0-0: Ground out 6-3 (Groundball, 6, EV 92.5 MPH)
|
|
Batting: RHB Nick Dunton
|
0-0: Called Strike 0-1: Ball 1-1: Ball 2-1: Foul Ball, location: 2F 2-2: SINGLE (Groundball, 6MD, EV 111.2 MPH)
|
|
Batting: RHB Dennis Coppolino
|
0-0: Foul Ball, location: 2F 0-1: Called Strike Nick Dunton is caught stealing 2nd base 2-4
|
| Bottom of the 4th over - 1 run, 2 hits, 0 errors, 0 left on base; West Virginia 1 - Greensboro 2 |
| TOP OF THE 5TH |
|
West Virginia Power batting - Pitching for Greensboro Grasshoppers : LHP Byron Copeland
|
|
Batting: RHB Ryan LeSueur
|
0-0: Ball 1-0: Foul Ball, location: 2F 1-1: Foul Ball, location: 2F 1-2: Strikes out swinging
|
|
Batting: LHB Dustin Herman
|
0-0: Called Strike 0-1: Fly out, F9 (Flyball, 89M, EV 83.1 MPH)
|
|
Batting: RHB Randy Bergman
|
0-0: Ball 1-0: Called Strike 1-1: Ball 2-1: Called Strike 2-2: Ball 3-2: Fly out, F8 (Flyball, 8RD, EV 91.2 MPH)
|
| Top of the 5th over - 0 runs, 0 hits, 0 errors, 0 left on base; West Virginia 1 - Greensboro 2 |
| BOTTOM OF THE 5TH |
|
Greensboro Grasshoppers batting - Pitching for West Virginia Power : RHP Pete Griesser
|
|
Batting: RHB Dennis Coppolino
|
0-0: SINGLE (Groundball, 6MD, EV 109.4 MPH)
|
|
Batting: LHB Angelo Estrella
|
0-0: Called Strike 0-1: Foul Ball, location: 2F 0-2: Ball 1-2: Strikes out swinging
|
|
Batting: RHB Nate Crofts
|
0-0: Called Strike 0-1: Swinging Strike 0-2: Strikes out looking
|
|
Batting: RHB Miguel Velasco
|
0-0: Ball 1-0: Fly out, F8 (Flyball, 8RM, EV 90.6 MPH)
|
| Bottom of the 5th over - 0 runs, 1 hit, 0 errors, 1 left on base; West Virginia 1 - Greensboro 2 |
| TOP OF THE 6TH |
|
West Virginia Power batting - Pitching for Greensboro Grasshoppers : LHP Byron Copeland
|
|
Batting: RHB David Zelaya
|
0-0: Ball 1-0: Fly out, F7 (Flyball, 7D, EV 103.1 MPH)
|
|
Batting: RHB John Savard
|
0-0: Ball 1-0: Ground out 5-3 (Groundball, 5S, EV 82.5 MPH)
|
|
Batting: LHB Norm Silveira-Wray
|
0-0: Foul Ball, location: 2F 0-1: Foul Ball, location: 2F 0-2: Strikes out swinging
|
| Top of the 6th over - 0 runs, 0 hits, 0 errors, 0 left on base; West Virginia 1 - Greensboro 2 |
| BOTTOM OF THE 6TH |
|
Greensboro Grasshoppers batting - Pitching for West Virginia Power : RHP Pete Griesser
|
|
Batting: LHB Justin Blakely
|
0-0: Called Strike 0-1: Ball 1-1: Foul Ball, location: 2F 1-2: Foul Ball, location: 2F 1-2: Ball 2-2: Ground out 4-3 (Groundball, 4M, EV 86.9 MPH)
|
|
Batting: RHB Alberto Bravo
|
0-0: Foul Ball, location: 2F 0-1: SINGLE (Groundball, 56, EV 105.6 MPH)
|
|
Batting: LHB Ryan Thompson
|
0-0: Ball 1-0: Ball Alberto Bravo steals 2nd base 2-0: Swinging Strike 2-1: Ball 3-1: Base on Balls
|
|
Batting: RHB J.D. Vander Klok
|
0-0: Ground out 5-3 (Groundball, 15, EV 78.1 MPH) Alberto Bravo to third Ryan Thompson to second
|
|
Batting: RHB Nick Dunton
|
0-0: Called Strike 0-1: Foul Ball, location: 2F 0-2: Strikes out looking
|
| Bottom of the 6th over - 0 runs, 1 hit, 0 errors, 2 left on base; West Virginia 1 - Greensboro 2 |
| TOP OF THE 7TH |
|
West Virginia Power batting - Pitching for Greensboro Grasshoppers : LHP Byron Copeland
|
|
Batting: RHB Hidesuke Yoshida
|
0-0: Ground out 4-3 (Groundball, 4, EV 111.2 MPH)
|
|
Batting: RHB Gary Ming
|
0-0: Foul Ball, location: 2F 0-1: Ground out 6-3 (Groundball, 56, EV 82.5 MPH)
|
|
Batting: RHB Jaime Dubicki
|
0-0: Ball 1-0: SINGLE (Line Drive, 56D, EV 103.1 MPH)
|
|
Batting: RHB Ryan LeSueur
|
0-0: Swinging Strike 0-1: Ball 1-1: Foul Ball, location: 2F 1-2: Ball 2-2: DOUBLE (Flyball, 7LD, EV 100.6 MPH) Jaime Dubicki to third Runner from 3rd tries for Home, SAFE, throw by LF to home
|
|
Batting: LHB Dustin Herman
|
0-0: Ground out 4-3 (Groundball, 4, EV 87.5 MPH)
|
| Top of the 7th over - 1 run, 2 hits, 0 errors, 1 left on base; West Virginia 2 - Greensboro 2 |
| BOTTOM OF THE 7TH |
|
Greensboro Grasshoppers batting - Pitching for West Virginia Power : RHP Pete Griesser
|
|
Batting: RHB Dennis Coppolino
|
0-0: Foul Ball, location: 2F 0-1: Called Strike 0-2: Strikes out swinging
|
|
Pitching: LHP Dustin Waller
|
|
|
Batting: LHB Angelo Estrella
|
0-0: Called Strike 0-1: Called Strike 0-2: Strikes out looking
|
|
Pitching: RHP Hitoshi Yoshihara
|
|
|
Batting: RHB Nate Crofts
|
0-0: Called Strike 0-1: Swinging Strike 0-2: Strikes out swinging
|
| Bottom of the 7th over - 0 runs, 0 hits, 0 errors, 0 left on base; West Virginia 2 - Greensboro 2 |
| TOP OF THE 8TH |
|
West Virginia Power batting - Pitching for Greensboro Grasshoppers : LHP Byron Copeland
|
|
Batting: RHB Randy Bergman
|
0-0: Called Strike 0-1: Called Strike 0-2: Foul Ball, location: 2F 0-2: Ball 1-2: Foul Ball, location: 2F 1-2: Fly out, F5 (Line Drive, 5, EV 70.0 MPH)
|
|
Batting: RHB David Zelaya
|
0-0: Called Strike 0-1: Called Strike 0-2: Foul Ball, location: 2F 0-2: Strikes out swinging, 2-3 out at first.
|
|
Batting: RHB John Savard
|
0-0: Called Strike 0-1: Ball 1-1: Ball 2-1: SINGLE (Groundball, 5S, EV 70.0 MPH) (infield hit)
|
|
Pitching: RHP Felix Moreno
|
|
|
Batting: LHB Norm Silveira-Wray
|
0-0: Called Strike 0-1: Ball 1-1: Foul Ball, location: 2F 1-2: Foul Ball, location: 2F 1-2: Strikes out swinging
|
| Top of the 8th over - 0 runs, 1 hit, 0 errors, 1 left on base; West Virginia 2 - Greensboro 2 |
| BOTTOM OF THE 8TH |
|
Greensboro Grasshoppers batting - Pitching for West Virginia Power : RHP Hitoshi Yoshihara
|
|
Batting: RHB Miguel Velasco
|
0-0: Called Strike 0-1: Foul Ball, location: 2F 0-2: SINGLE (Line Drive, 5D, EV 105.6 MPH)
|
|
Batting: LHB Justin Blakely
|
0-0: Ball 1-0: Called Strike Miguel Velasco is caught stealing 2nd base 2-6 1-1: Ball 2-1: Foul Ball, location: 2F 2-2: Foul Ball, location: 2F 2-2: Strikes out swinging
|
|
Batting: RHB Alberto Bravo
|
0-0: Swinging Strike 0-1: Swinging Strike 0-2: Ground out 6-3 (Groundball, 6, EV 103.1 MPH)
|
| Bottom of the 8th over - 0 runs, 1 hit, 0 errors, 0 left on base; West Virginia 2 - Greensboro 2 |
| TOP OF THE 9TH |
|
West Virginia Power batting - Pitching for Greensboro Grasshoppers : RHP Felix Moreno
|
|
Batting: RHB Hidesuke Yoshida
|
0-0: Swinging Strike 0-1: Called Strike 0-2: Ball 1-2: Foul Ball, location: 2F 1-2: Ball 2-2: Strikes out swinging
|
|
Batting: RHB Gary Ming
|
0-0: Ball 1-0: Ground out 5-3 (Groundball, 56, EV 105.0 MPH)
|
|
Batting: RHB Jaime Dubicki
|
0-0: Ball 1-0: Foul Ball, location: 2F 1-1: Ball 2-1: Ground out 4-3 (Groundball, 4, EV 91.2 MPH)
|
| Top of the 9th over - 0 runs, 0 hits, 0 errors, 0 left on base; West Virginia 2 - Greensboro 2 |
| BOTTOM OF THE 9TH |
|
Greensboro Grasshoppers batting - Pitching for West Virginia Power : RHP Hitoshi Yoshihara
|
|
Pitching: RHP Justin West
|
|
|
Batting: LHB Ryan Thompson
|
0-0: Called Strike 0-1: Ball 1-1: Ball 2-1: Ball 3-1: Swinging Strike 3-2: Foul Ball, location: 2F 3-2: Fly out, F7 (Flyball, 7LM, EV 93.8 MPH)
|
|
Batting: RHB J.D. Vander Klok
|
0-0: Ball 1-0: Called Strike 1-1: Swinging Strike 1-2: Ball 2-2: Ground out 5-3 (Groundball, 56, EV 103.8 MPH)
|
|
Batting: RHB Nick Dunton
|
0-0: SINGLE (Groundball, 6M, EV 96.2 MPH) (infield hit)
|
|
Batting: RHB Dennis Coppolino
|
0-0: Ball 1-0: Ball 2-0: Foul Ball, location: 2F 2-1: Foul Ball, location: 2F 2-2: Ball 3-2: Ground out 6-3 (Groundball, 6, EV 83.1 MPH)
|
| Bottom of the 9th over - 0 runs, 1 hit, 0 errors, 1 left on base; West Virginia 2 - Greensboro 2 |
| TOP OF THE 10TH |
|
West Virginia Power batting - Pitching for Greensboro Grasshoppers : RHP Felix Moreno
|
|
Batting: RHB Ryan LeSueur
|
0-0: Called Strike 0-1: Ball 1-1: Ball 2-1: Foul Ball, location: 2F 2-2: Fly out, F9 (Flyball, 9D, EV 100.6 MPH)
|
|
Batting: LHB Dustin Herman
|
0-0: Ball 1-0: Foul Ball, location: 2F 1-1: Called Strike 1-2: Strikes out looking
|
|
Batting: RHB Randy Bergman
|
0-0: Called Strike 0-1: Called Strike 0-2: SINGLE (Line Drive, 56D, EV 94.4 MPH)
|
|
Pinch Hitting: RHB Rusty Trader
|
0-0: Called Strike Randy Bergman is caught stealing 2nd base 2-4
|
| Top of the 10th over - 0 runs, 1 hit, 0 errors, 0 left on base; West Virginia 2 - Greensboro 2 |
| BOTTOM OF THE 10TH |
|
Greensboro Grasshoppers batting - Pitching for West Virginia Power : RHP Justin West
|
|
Now at C: Herbert Loveless
|
|
|
Batting: LHB Angelo Estrella
|
0-0: Called Strike 0-1: Ball 1-1: Ball 2-1: Called Strike 2-2: SINGLE (Line Drive, 4M, EV 96.9 MPH)
|
|
Batting: LHB Ryan Karg
|
0-0: Ball 1-0: Ball 2-0: Foul Ball, location: 2F 2-1: Foul Ball, location: 2F 2-2: Fly out, F7 (Flyball, 78S, EV 90.6 MPH)
|
|
Batting: RHB Miguel Velasco
|
0-0: Ball 1-0: SINGLE (Line Drive, 6D, EV 98.8 MPH) Angelo Estrella to second
|
|
Batting: LHB Justin Blakely
|
0-0: Called Strike 0-1: Ball 1-1: Ball 2-1: Foul Ball, location: 2F 2-2: SINGLE (Groundball, 3D, EV 100.6 MPH) Angelo Estrella to third Miguel Velasco to second
|
|
Batting: RHB Alberto Bravo
|
0-0: Ball 1-0: SINGLE (Groundball, 4MD, EV 109.4 MPH) Angelo Estrella scores
|
| Bottom of the 10th over - 1 run, 4 hits, 0 errors, 2 left on base; West Virginia 2 - Greensboro 3 |
|